 Dungeon Crawl Stone Soup version 0.16-a0-3807-g3748f16 (console) character file.

474 mauris the Changer (level 6, 0/47 HPs)
             Began as a Draconian Transmuter on Jan 26, 2015.
             Slain by a centaur (9 damage)
             ... on level 5 of the Dungeon.
             The game lasted 00:11:46 (5348 turns).

mauris the Changer (Draconian Transmuter)           Turns: 5348, Time: 00:11:46

Health: 0/47       AC:  2    Str: 13    XL:     6   Next: 84%
Magic:  7/10       EV: 17    Int: 14    God:
Gold:   180        SH:  0    Dex: 17    Spells: 2 memorised, 5 levels left

rFire  . . .     SeeInvis .       - Unarmed
rCold  . . .     Clarity  +     (armour unavailable)
rNeg   . . .     SustAb   +     (shield currently unavailable)
rPois  x         Gourm    .     (helmet currently unavailable)
rElec  .         Spirit   .     (cloak currently unavailable)
rCorr  .         Warding  .     n - melded +0 pair of gloves
rMut   .         Stasis   .     (boots currently unavailable)
MR     .....                    w - amulet of clarity
Stlth  ++........               (no ring)
                                f - ring of sustain abilities

@: spider-form, heavily drained, not resistant to hostile enchantments,
unstealthy
A: unfitting armour, (cold-blooded), AC +6
a: End Transformation


You were on level 5 of the Dungeon.
You were hungry.
You were a venomous arachnid creature.
You visited 1 branch of the dungeon, and saw 5 of its levels.

You collected 180 gold pieces.

Inventory:

Hand weapons
 b - a +0 blowgun {@w1}
Missiles
 j - 41 poisoned needles
 v - 12 arrows
Armour
 n - a +0 pair of gloves (melded)
 y - a +0 cloak
Jewellery
 e - an uncursed amulet of resist corrosion
 f - a ring of sustain abilities (left front leg)
 w - an amulet of clarity (around neck)
Scrolls
 c - 3 scrolls of identify {unknown}
 h - a scroll of amnesia {unknown}
 k - a scroll of enchant armour {unknown}
 m - a scroll of remove curse {unknown}
 o - a scroll of random uselessness {unknown}
 s - a scroll of blinking {unknown}
 x - a scroll of enchant weapon {unknown}
 A - a scroll of immolation {unknown}
Potions
 i - 3 potions of brilliance {unknown}
 p - a potion of restore abilities {unknown}
 q - 3 potions of curing {unknown}
 z - a potion of invisibility {unknown}
Books
 d - a book of Changes

   Spells                             Type                      Level
   a - Beastly Appendage              Transmutation                1
   b - Sticks to Snakes               Transmutation                2
   c - Spider Form                    Transmutation/Poison         3
   d - Ice Form                       Ice/Transmutation            4
   e - Blade Hands                    Transmutation                5
 l - a book of Dreams

   Spells                             Type                      Level
   a - Ensorcelled Hibernation        Hexes/Ice                    2
   b - Flight                         Charms/Air                   3
   c - Phase Shift                    Translocation                5
   d - Shadow Creatures               Summoning                    5
   e - Mass Confusion                 Hexes                        6
   f - Darkness                       Hexes                        7
Comestibles
 a - 2 bread rations
 g - 2 beef jerkies
 r - a meat ration
 u - 2 fruits


   Skills:
 - Level 1.1(0.0) Fighting
 - Level 1.7(0.3) Dodging
 - Level 3.0(1.5) Unarmed Combat
 - Level 2.0(0.6) Spellcasting
 + Level 7.5(5.8) Transmutations


You had 5 spell levels left.
You knew the following spells:

 Your Spells              Type           Power        Failure   Level  Hunger
a - Beastly Appendage     Trmt           ###...       10%         1    ##.....
b - Spider Form           Trmt/Pois      #.........   45%         3    ####...


Dungeon Overview and Level Annotations

Branches:
Dungeon (5/15)
 Temple: D:4-7

Altars:
Ashenzari
Makhleb
Nemelex Xobeh
Ru
Xom

Annotations:
D:2 runed door


Innate Abilities, Weirdness & Mutations

((Your plain brown scales are hard (AC +6).))
Your body does not fit into most forms of armour.
((Your cold-blooded metabolism reacts poorly to cold.))


Message History

Confirm with . or Enter, or press ? or * to list all spells.
Your talons disappear.
You turn into a venomous arachnid creature.
Your +0 pair of gloves melds into your body.
The centaur completely misses you. x2
The centaur hits you!
Huge Dmg: -20%(-9hp) hp: 32%(15hp)
You hit the centaur but do no damage.
The centaur is lightly wounded.
The centaur misses you.
You are feeling hungry.
You hit the centaur but do no damage.
The centaur is poisoned.
The centaur is lightly wounded.
The centaur closely misses you. The centaur hits you!
* * * LOW HITPOINT WARNING * * *
Huge Dmg: -12%(-6hp) hp: 20%(9hp)
You hit the centaur.
The centaur is lightly wounded.
The centaur hits you!
You die...

#### ....
... ..# ..#
###..#
##s#..###.##
#c#.........
##(#..##.###
#.#[.#
###(#..##[#
#...........
#<<.#.#.#.#
#..##....
#..# ##.#


You could see a centaur.

Vanquished Creatures
  An ogre (D:4)
  A hound (D:4)
  2 jellies (D:2)
  A worker ant (D:4)
  An orc wizard (D:4)
  Ijyb (D:2)
  Robin (D:4)
  5 adders
  3 gnolls
  4 worms
  5 giant geckos
  3 oozes
  3 orcs (D:4)
  3 ball pythons
  7 giant cockroaches
  12 hobgoblins
  2 jackals (D:3)
  12 kobolds
  4 quokkas
  A sheep (D:2)
  13 bats
  A giant gecko skeleton (D:4)
  10 giant newts
  18 goblins
  8 rats
122 creatures vanquished.

Notes
Turn   | Place    | Note
--------------------------------------------------------------
     0 | D:1      | mauris, the Draconian Transmuter, began the quest for the Orb.
     0 | D:1      | Reached XP level 1. HP: 16/16 MP: 3/3
   197 | D:1      | Reached XP level 2. HP: 23/23 MP: 2/4
   722 | D:1      | Huge Dmg: 8 Dmg
  1039 | D:1      | Huge Dmg: 9 Dmg
  1178 | D:1      | Reached XP level 3. HP: 28/28 MP: 6/6
  1185 | D:1      | Learned a level 3 spell: Spider Form
  1796 | D:2      | Reached skill level 4 in Transmutations
  1891 | D:2      | Found a shimmering altar of Xom.
  1891 | D:2      | Found a runed door.
  1892 | D:2      | Found a runed door.
  1896 | D:2      | Found a runed door.
  1915 | D:2      | Found a sacrificial altar of Ru.
  1958 | D:2      | Found a runed door.
  1960 | D:2      | Found a runed door.
  1961 | D:2      | Found a runed door.
  2025 | D:2      | Noticed Ijyb
  2038 | D:2      | Killed Ijyb
  2038 | D:2      | Reached XP level 4. HP: 32/35 MP: 3/7
  2192 | D:2      | Found a burning altar of Makhleb.
  2212 | D:2      | Reached skill level 5 in Transmutations
  2532 | D:2      | Reached XP level 5. HP: 33/40 MP: 5/9
  3095 | D:3      | Found a shattered altar of Ashenzari.
  3131 | D:3      | Reached skill level 6 in Transmutations
  3134 | D:3      | Huge Dmg: 8 Dmg
  3964 | D:3      | Found a shattered altar of Ashenzari.
  3964 | D:3      | Found a sparkling altar of Nemelex Xobeh.
  4048 | D:4      | Noticed an ogre
  4054 | D:4      | Huge Dmg: 16 Dmg
  4059 | D:4      | Killed an ogre
  4059 | D:4      | Reached XP level 6. HP: 28/47 MP: 6/10
  4256 | D:4      | Noticed Robin
  4318 | D:4      | Huge Dmg: 7 Dmg
  4319 | D:4      | Killed Robin
  4324 | D:4      | Huge Dmg: 5 Dmg
  4354 | D:4      | Reached skill level 7 in Transmutations
  4725 | D:4      | Huge Dmg: 11 Dmg
  5302 | D:5      | Entered Level 5 of the Dungeon
  5340 | D:5      | Huge Dmg: 8 Dmg
  5342 | D:5      | Huge Dmg: 8 Dmg
  5343 | D:5      | Huge Dmg: 4 Dmg
  5344 | D:5      | Huge Dmg: 3 Dmg
  5346 | D:5      | Huge Dmg: 9 Dmg
  5348 | D:5      | Huge Dmg: 6 Dmg
  5348 | D:5      | Slain by a centaur

Action                   |  1- 3 |  4- 6 || total
-------------------------+-------+-------++-------
Melee: Unarmed           |   163 |   399 ||   562
 Cast: Beastly Appendage |    15 |    19 ||    34
       Spider Form       |     1 |    11 ||    12
  Use: Potion            |       |     1 ||     1
  Eat: Chunk             |     4 |    13 ||    17

Vault maps used:
D:1:      dpeg_arrival_leaves_temple_mockup, serial_forest,
          infiniplex_forest_zigzag_1, infiniplex_forest_clump_double,
          infiniplex_forest_lined_2, infiniplex_forest_zigzag_1,
          infiniplex_forest_clump_long, infiniplex_forest_zigzag_1,
          infiniplex_forest_end_2, infiniplex_forest_lined_2,
          infiniplex_forest_clump_medium, infiniplex_forest_lined_room_2,
          st_stairs_12
D:2:      bloody_makhleb, lemuel_doored_altar, dk_xom_monty_hall, uniq_iyjb
D:3:      gammafunk_temple_overflow_pools, ashenzari_altar_1
D:4:      uniq_robin
D:5:      old_standard_altar, serial_shops, shop_fountains, first_bread,
          uniq_natasha
